 Dungeon Crawl Stone Soup version 0.30-a0-118-ga018f8e90f (webtiles) character file.

Game seed: 9830937455687007306

61317 Newt the Basher (level 14, 0/111 HPs)
             Began as a Demonspawn Gladiator on Sept 13, 2022.
             Was the Champion of Makhleb.
             Shot with an arrow by a naga sharpshooter (11 damage)
             ... on level 2 of the Snake Pit.
             The game lasted 00:30:27 (20820 turns).

Newt the Basher (Demonspawn Gladiator)             Turns: 20820, Time: 00:30:27

Health: 0/111      AC: 28    Str: 22    XL:     14   Next: 60%
Magic:  21/21      EV:  0    Int: 10    God:    Makhleb [******]
Gold:   798        SH:  5    Dex: 14    Spells: 23/23 levels left

rFire   + + .      SeeInvis .    U - +9 battleaxe (vorpal)
rCold   . . .      Faith    .    (shield currently unavailable)
rNeg    + . .      Spirit   .    a - +9 scales of the Dragon King {rPois rF+ rC+ Will+}
rPois   +          Reflect  +    D - +0 hat {Stlth+}
rElec   +          Harm     .    (cloak unavailable)
rCorr   +          Rampage  .    Y - +2 pair of gloves
Will    ++...                    M - +1 pair of boots
Stlth   ..........               O - amulet of reflection
HPRegen 0.28/turn                X - ring of Wishful Thinking {Wiz rN+ rCorr}
MPRegen 0.17/turn                Q - ring of the Ego {Fire rElec Str+4 Int-4}

@: constricted
A: molten scales 1, ignite blood 2, weakness stinger 3, horns 1, clever 1, sense
surroundings 1
a: Renounce Religion, Minor Destruction, Lesser Servant of Makhleb, Major
Destruction, Greater Servant of Makhleb


You were on level 2 of the Snake Pit.
You worshipped Makhleb.
Makhleb was exalted by your worship.
You visited 4 branches of the dungeon, and saw 17 of its levels.
You also visited: Bailey.

You collected 1207 gold pieces.
You spent 409 gold pieces at shops.

Inventory:

Hand Weapons
 G - a +6 whip of venom
 U - a +9 vorpal battleaxe (weapon)
Missiles
 e - 5 javelins
 j - 6 boomerangs of dispersal
 r - 18 poisoned darts
 y - 5 boomerangs
 C - 2 atropa-tipped darts
 R - 5 curare-tipped darts (quivered)
Armour
 a - the +9 scales of the Dragon King (worn) {rPois rF+ rC+ Will+}
   (You found it on level 1 of the Lair of Beasts)

   rF:        It protects you from fire.
   rC:        It protects you from cold.
   rPois:     It protects you from poison.
   Will:      It increases your willpower.
 B - the +11 chain mail of Dareozum {rF+}
   (You acquired it on level 8 of the Dungeon)

   rF:        It protects you from fire.
 D - a +0 hat of stealth (worn)
 M - a +1 pair of boots (worn)
 Y - a +2 pair of gloves (worn)
Jewellery
 k - a +4 ring of evasion
 u - a ring of protection from cold
 H - a +4 ring of protection
 J - a +6 ring of strength
 O - an amulet of reflection (around neck)
 Q - the ring of the Ego (right hand) {Fire rElec Str+4 Int-4}
   (You found it on level 7 of the Dungeon)

   [ring of fire]

   It enhances your fire magic.
   Str:       It affects your strength (+4).
   Int:       It affects your intelligence (-4).
   rF:        It protects you from fire.
   rC:        It makes you vulnerable to cold.
   rElec:     It insulates you from electricity.
 V - a +4 ring of evasion
 X - the ring of Wishful Thinking (left hand) {Wiz rN+ rCorr}
   (You found it on level 2 of the Lair of Beasts)

   [ring of wizardry]

   It improves your spell success rate.
   rN:        It protects you from negative energy.
   rCorr:     It protects you from acid and corrosion.
Wands
 c - a wand of paralysis (4)
 A - a wand of flame (69)
 L - a wand of mindburst (8)
 Z - a wand of acid (9)
Scrolls
 b - a scroll of silence
 s - 2 scrolls of blinking
 v - a scroll of enchant armour
 x - 2 scrolls of identify
 z - a scroll of enchant weapon
 E - a scroll of magic mapping
 F - a scroll of amnesia
 I - 8 scrolls of teleportation
 S - 2 scrolls of brand weapon
 T - 2 scrolls of fear
 W - a scroll of summoning
Potions
 g - 6 potions of curing
 h - 3 potions of lignification
 i - 5 potions of haste
 n - 3 potions of cancellation {unknown}
 o - 6 potions of flight
 p - 3 potions of attraction
 q - 4 potions of berserk rage
 t - a potion of brilliance
 w - 3 potions of might
 K - a potion of resistance
 N - 2 potions of magic {unknown}
 P - a potion of ambrosia {unknown}
Miscellaneous
 f - a phial of floods
 l - a lightning rod (4/4)


   Skills:
 + Level 10.4 Fighting
 - Level 4.0 Short Blades
 - Level 7.6(11.4) Axes
 - Level 13.1(14.0) Maces & Flails
 - Level 8.0 Throwing
 - Level 4.0 Dodging
 - Level 2.0 Stealth
 - Level 5.0 Spellcasting
 - Level 10.0 Ice Magic
 - Level 10.0 Invocations
 - Level 10.0 Evocations


You had 23 spell levels left.
You didn't know any spells.
Your spell library contained the following spells:

 Spells                   Type           Power      Damage    Failure   Level
 Freeze                   Ice            88%        1d10      32%         1
 Frozen Ramparts          Ice            44%        1d7       69%         3
 Magic Dart               Conj           8%         1d3       100%        1
 Sandblast                Erth           4%         2d4       100%        1
 Blink                    Tloc           4%         N/A       100%        2
 Passwall                 Tmut/Erth      1%         N/A       100%        2
 Searing Ray              Conj           4%         2d4       100%        2
 Kindle Blastsparks       Fire/Tloc/Air  6%         2d10      100%        3
 Lesser Beckoning         Tloc           2%         N/A       100%        3
 Stone Arrow              Conj/Erth      4%         3d7       100%        3
 Fulminant Prism          Conj/Hex       1%         3d6       100%        4
 Hailstorm                Conj/Ice       12%        3d5       100%        4
 Iskenderun's Mystic Bla  Conj/Tloc      2%         2d3       100%        4
 Manifold Assault         Tloc           2%         N/A       100%        4
 Lee's Rapid Deconstruct  Erth           1%         3d5*      100%        5


Dungeon Overview and Level Annotations

Branches:
Dungeon (9/15)             Temple (1/1) D:6            Lair (5/5) D:9
 Shoals (0/4) Lair:2        Snake (2/4) Lair:3       Bailey (visited)
  Slime: Lair:4-5       Orc: D:9-12

Altars:
Ashenzari
Cheibriados
Dithmenos
Fedhas
Gozag
Hepliaklqana
Kikubaaqudgha
Makhleb
Nemelex Xobeh
Okawaru
Qazlal
Ru
Trog
Uskayaw
Wu Jian
Xom
Yredelemnul

Shops:
D:6 [   D:9 *   Snake:1 ?

Annotations:
D:5 Blork the orc
D:8 1 runed translucent door
D:9 3 runed translucent doors, exclusion: orange crystal statue
Lair:3 exclusion: 3 oklob plants


Innate Abilities, Weirdness & Mutations

You are partially covered in molten scales. (AC +2)
Your demonic aura often causes spilled blood to erupt in flames.
You have a sharp stinger which inflicts weakening toxins.
You have a pair of small horns on your head.
Your mind is acute. (Int +4, Str/Dex -1)
You passively map a small area around you.


Message History

The naga sharpshooter magically shoots an arrow.
The arrow hits you!
The naga sharpshooter spits poison at you.
The splash of poison hits you but does no damage.
You resist. The naga hits you with a +0 battleaxe! The naga constricts you.
You slash the naga sharpshooter!
The naga sharpshooter is heavily wounded.
You hit the naga sharpshooter. You barely miss the naga.
You feel sick.
The naga sharpshooter is engulfed in blazing flames.
The naga sharpshooter spits poison at you.
The splash of poison hits you but does no damage.
You resist.
The naga sharpshooter shoots an arrow.
The arrow hits you but does no damage. The naga hits you with a +0 battleaxe.
* * * LOW HITPOINT WARNING * * *
The naga constricts you.
The naga sharpshooter gestures wildly while chanting.
The naga sharpshooter magically shoots an arrow.
The arrow hits you!!
* * * LOW HITPOINT WARNING * * *
You feel much better.
You feel sick.
The naga sharpshooter is engulfed in blazing flames.
The naga sharpshooter gestures wildly while chanting.
The naga sharpshooter magically shoots an arrow.
The arrow hits you.
* * * LOW HITPOINT WARNING * * *
The naga sharpshooter unwields a +4 shortbow.
The naga sharpshooter wields a +0 war axe.
The naga sharpshooter hits you with a +0 war axe!
* * * LOW HITPOINT WARNING * * *
The naga hits you with a +0 battleaxe!
* * * LOW HITPOINT WARNING * * *
The naga constricts you.
* * * LOW HITPOINT WARNING * * *
A naga warrior comes into view. It is wielding a +0 short sword.
Unknown command.
Okay, then.
You feel better.
The naga sharpshooter is engulfed in blazing flames.
The naga sharpshooter shoots an arrow.
The arrow hits you!
You die...

* , ...... #.#....... ,
.......##.....N...
...!....#.....N...
,...N....#........#
......N#.........# ,
...........#, , # ,
..........##** ,.# ,,
...#...NNN## . , *
#...°@☼.# .# , *
*##...☼°..###.# , *
#.........#.#*, *
#########..........# ,,,
#.....##..........<# ⌠ ,
##..^............)..# , ,
#......#.........[.####..#
#...
##................).#.#,..#
#.⌠.
#....#.#.......)).#..##
..##...


You could see a naga warrior, 3 naga sharpshooters and a naga.

Vanquished Creatures
  Gastronok (Lair:3)
  An orc warlord (Bailey)
  The ghost of Cenuekhar the Geomancer, a journeyman MeEE of Cheibriados (Lair:2)
  2 catoblepae
  4 hydras
  An anaconda (Snake:1)
  A boulder beetle (D:8)
  7 naga warriors
  9 death yaks
  A shock serpent (Snake:1)
  A naga ritualist (Snake:2)
  An orc knight (Bailey)
  5 mana vipers
  2 oklob plants
  3 salamanders
  A guardian serpent (Snake:1)
  25 black mambas
  3 naga magi (Snake:1)
  5 elephants (Lair:5)
  13 cane toads
  A torpor snail (Lair:1)
  2 rime drakes
  8 komodo dragons
  A burning bush (Lair:4)
  3 tyrant leeches (Lair:5)
  3 polar bears
  34 blink frogs
  5 wyverns
  15 yaks
  2 basilisks (Lair:1)
  5 vampire mosquitoes (Lair:5)
  2 steam dragons
  12 nagas
  An acid dragon (D:8)
  3 sky beasts
  14 water moccasins
  10 orc warriors
  4 ice beasts
  A black bear (Lair:1)
  17 wolves
  4 ogres
  A centaur (D:5)
  4 kobold brigands
  15 bullfrogs
  2 necrophages
  3 scorpions
  9 wights (D:9)
  11 killer bees
  4 electric eels
  A vampire bat (D:6)
  A quasit (D:6)
  5 hounds
  4 orc priests (D:8)
  2 jellies (D:5)
  9 iguanas
  9 orc wizards
  2 centaur simulacra (D:7)
  A bullfrog simulacrum (D:7)
  Robin (D:4)
  8 gnolls
  8 adders
  6 shadow imps
  8 white imps
  6 ufetubi
  A worm (D:4)
  3 dart slugs
  31 orcs
  4 endoplasms
  4 giant cockroaches
  34 goblins
  20 hobgoblins
  8 jackals
  3 quokkas
  7 ball pythons
  14 bats
  4 frilled lizards
  7 kobolds
  6 rats
500 creatures vanquished.

Vanquished Creatures (others)
  The ghost of zishaf the Zephyrmancer, a journeyman TeAE of Ashenzari (D:7)
  An ice beast (D:7)
  An orc wizard (D:8)
  2 bushes (Lair:3)
  5 demonic plants (D:6)
  43 fungi
  124 plants
177 creatures vanquished.

Grand Total: 677 creatures vanquished

Notes
Turn   | Place    | Note
-------+----------+-------------------------------------------
     0 | D:1      | Newt the Demonspawn Gladiator began the quest for the Orb.
     0 | D:1      | Reached XP level 1. HP: 16/16 MP: 1/1
    56 | D:1      | Reached skill level 1 in Stealth
   168 | D:1      | Gained mutation: You are partially covered in molten
                  | scales. (AC +2) [demonic ancestry]
   168 | D:1      | Reached XP level 2. HP: 2/22 MP: 2/2
  1678 | D:1      | Gained mutation: Your demonic aura sometimes causes spilled
                  | blood to erupt in flames. [demonic ancestry]
  1678 | D:1      | Reached XP level 3. HP: 28/28 MP: 3/3
  2447 | D:2      | Found a faded altar of an unknown god.
  2697 | D:2      | Reached XP level 4. HP: 31/37 MP: 4/4
  3146 | D:3      | Noticed an ogre
  3156 | D:3      | Killed an ogre
  3157 | D:3      | Reached XP level 5. HP: 26/42 MP: 3/5
  3656 | D:4      | Noticed an ogre
  3663 | D:4      | Killed an ogre
  3664 | D:4      | Gained mutation: You have a small tail. [demonic ancestry]
  3664 | D:4      | Reached XP level 6. HP: 48/48 MP: 6/6
  3807 | D:4      | Identified a scroll of acquirement
  3811 | D:4      | Acquired a manual of Maces & Flails
  3826 | D:4      | Noticed Robin
  3864 | D:4      | Killed Robin
  3986 | D:4      | Identified the +1 scale mail of Wapalo {Will+}
  4168 | D:5      | Entered Level 5 of the Dungeon
  4290 | D:5      | Gained mutation: Your demonic aura often causes spilled
                  | blood to erupt in flames. [demonic ancestry]
  4290 | D:5      | Reached XP level 7. HP: 54/54 MP: 7/7
  4489 | D:5      | Reached skill level 5 in Throwing
  4493 | D:5      | Reached skill level 1 in Maces & Flails
  4495 | D:5      | Reached skill level 3 in Maces & Flails
  4723 | D:5      | Reached skill level 4 in Maces & Flails
  4732 | D:5      | Reached skill level 5 in Maces & Flails
  4748 | D:5      | Reached XP level 8. HP: 57/60 MP: 8/8
  4783 | D:5      | Reached skill level 6 in Maces & Flails
  4791 | D:5      | Reached skill level 7 in Maces & Flails
  4922 | D:5      | Noticed Blork the orc
  5011 | D:6      | Found Seqepp's Antique Armour Shoppe.
  5218 | D:6      | Reached skill level 8 in Maces & Flails
  5350 | D:6      | Found a staircase to the Ecumenical Temple.
  5361 | Temple   | Entered the Ecumenical Temple
  5610 | Temple   | Became a worshipper of Makhleb the Destroyer
  5854 | D:6      | Reached skill level 9 in Maces & Flails
  6346 | D:7      | Reached skill level 10 in Maces & Flails
  6483 | D:7      | Noticed zishaf's ghost (journeyman TeAE)
  6657 | D:7      | Reached skill level 1 in Evocations
  6683 | D:7      | Gained mutation: You have a tail ending in a sharp stinger.
                  | [demonic ancestry]
  6683 | D:7      | Reached XP level 9. HP: 65/65 MP: 9/9
  6703 | D:7      | Reached * piety under Makhleb
  6713 | D:7      | Reached skill level 5 in Evocations
  7289 | D:7      | Found a runed translucent gate.
  7290 | D:7      | Found a runed translucent gate.
  7347 | D:7      | Found a runed translucent gate.
  7396 | D:7      | Found a shimmering altar of Xom.
  7396 | D:7      | Found a shimmering altar of Xom.
  7397 | D:7      | Found a shimmering altar of Xom.
  7397 | D:7      | Found a shimmering altar of Xom.
  7399 | D:7      | Found a shimmering altar of Xom.
  7400 | D:7      | Found a shimmering altar of Xom.
  7874 | D:7      | Killed zishaf's ghost
  8096 | D:7      | Got the ring of the Ego {Fire rElec Str+4 Int-4}
  8243 | D:8      | Found a flagged portal.
  8249 | Bailey   | Entered a bailey
  8433 | Bailey   | Noticed an orc knight
  8460 | Bailey   | Killed an orc knight
  8471 | Bailey   | Reached ** piety under Makhleb
  8680 | Bailey   | Noticed an orc warlord
  8689 | Bailey   | Reached skill level 5 in Fighting
  8692 | Bailey   | Reached XP level 10. HP: 74/74 MP: 10/10
  8722 | Bailey   | Killed an orc warlord
  9041 | Bailey   | Reached skill level 1 in Axes
  9204 | D:8      | Acquired the +11 chain mail of Dareozum {rF+}
  9226 | D:8      | Found a sacrificial altar of Ru.
  9324 | D:8      | Found a bloodstained altar of Trog.
  9614 | D:8      | Found a runed translucent door.
  9736 | D:8      | Reached skill level 5 in Axes
 10165 | D:8      | Noticed a boulder beetle
 10182 | D:8      | Reached *** piety under Makhleb
 10194 | D:8      | Killed a boulder beetle
 10255 | D:8      | Reached XP level 11. HP: 85/86 MP: 11/11
 10417 | D:8      | Found a snail-covered altar of Cheibriados.
 10533 | D:9      | Found a runed translucent door.
 10541 | D:9      | Found a staircase to the Lair.
 10555 | D:9      | Found a runed translucent door.
 10609 | D:9      | Found a runed translucent door.
 10620 | D:9      | Found a runed translucent door.
 10671 | D:9      | Found a blossoming altar of Fedhas.
 10696 | D:9      | Found a shadowy altar of Dithmenos.
 11142 | D:9      | Found Leerr's Assorted Antiques.
 11149 | D:9      | Bought a scroll of identify for 70 gold pieces
 11149 | D:9      | Bought a scroll labelled POINLIAFIRGH for 35 gold pieces
 11153 | D:9      | Gained mutation: You are weak. (Str -2) [potion of
                  | mutation]
 11153 | D:9      | Gained mutation: You have a beak for a mouth. [potion of
                  | mutation]
 11154 | D:9      | Lost mutation: You have a beak for a mouth. [potion of
                  | mutation]
 11154 | D:9      | Lost mutation: You are weak. (Str -2) [potion of mutation]
 11154 | D:9      | Gained mutation: You have hidden genetic potential. [potion
                  | of mutation]
 11154 | D:9      | Gained mutation: You have a pair of small horns on your
                  | head. [potion of mutation]
 11216 | D:9      | Noticed an orange crystal statue
 11232 | Lair:1   | Entered Level 1 of the Lair of Beasts
 11233 | Lair:1   | Found the +9 scales of the Dragon King {rPois rF+ rC+
                  | Will+}
 11245 | Lair:1   | Reached skill level 1 in Invocations
 11303 | Lair:1   | Noticed an oklob plant
 11314 | Lair:1   | Killed an oklob plant
 11450 | Lair:1   | Reached skill level 5 in Invocations
 11656 | Lair:1   | Noticed a death yak
 11659 | Lair:1   | Killed a death yak
 11683 | Lair:1   | Reached **** piety under Makhleb
 12416 | Lair:1   | Reached skill level 10 in Invocations
 12718 | Lair:2   | Reached skill level 11 in Maces & Flails
 12720 | Lair:2   | Reached XP level 12. HP: 91/92 MP: 19/19
 12743 | Lair:2   | Noticed a five-headed hydra
 12748 | Lair:2   | Killed a seven-headed hydra
 12921 | Lair:2   | Identified the +1 ring mail of the Invisible Hand {Harm
                  | rPois rF+}
 12943 | Lair:2   | Gained mutation: Your mind is acute. (Int +4, Str/Dex -1)
                  | [hidden potential]
 12989 | Lair:2   | Reached skill level 12 in Maces & Flails
 13217 | Lair:2   | Identified the ring of Wishful Thinking {Wiz rN+ rCorr}
 13224 | Lair:2   | Found a runed translucent door.
 13276 | Lair:2   | Found a staircase to the Shoals.
 13436 | Lair:2   | Noticed Cenuekhar's ghost (journeyman MeEE)
 13518 | Lair:2   | Killed Cenuekhar's ghost
 13764 | Lair:3   | Noticed a death yak
 13777 | Lair:3   | Noticed a death yak
 13777 | Lair:3   | Noticed a death yak
 13778 | Lair:3   | Noticed a death yak
 13788 | Lair:3   | Killed a death yak
 13789 | Lair:3   | Killed a death yak
 13790 | Lair:3   | Reached skill level 13 in Maces & Flails
 13790 | Lair:3   | Killed a death yak
 13791 | Lair:3   | Killed a death yak
 13873 | Lair:3   | Found a staircase to the Snake Pit.
 14006 | Lair:3   | Noticed a six-headed hydra
 14014 | Lair:3   | Killed an eight-headed hydra
 14123 | Lair:3   | Noticed Gastronok
 14134 | Lair:3   | Killed Gastronok
 14720 | Lair:3   | Reached ***** piety under Makhleb
 15223 | Lair:4   | Noticed a catoblepas
 15232 | Lair:4   | Killed a catoblepas
 15233 | Lair:4   | Gained mutation: You have a sharp stinger which inflicts
                  | weakening toxins. [demonic ancestry]
 15233 | Lair:4   | Reached XP level 13. HP: 90/98 MP: 20/20
 15497 | Lair:4   | Gained mutation: You passively map a small area around you.
                  | [hidden potential]
 15497 | Lair:4   | Lost mutation: You have hidden genetic potential. [hidden
                  | potential expressed]
 15554 | Lair:4   | Reached skill level 10 in Evocations
 15589 | Lair:4   | You fall into a shaft and drop 1 floor!
 15589 | Lair:5   | Entered Level 5 of the Lair of Beasts
 15612 | Lair:5   | Reached skill level 5 in Spellcasting
 15619 | Lair:5   | Reached skill level 1 in Ice Magic
 16006 | Lair:5   | Found the +8 demon trident "Rift" {distort, reach+}
 16036 | Lair:5   | Reached skill level 5 in Ice Magic
 17188 | Lair:5   | Reached ****** piety under Makhleb
 17581 | Snake:1  | Entered Level 1 of the Snake Pit
 17594 | Snake:1  | Reached XP level 14. HP: 105/105 MP: 21/21
 17870 | Snake:1  | Identified the +1 leather armour of Precision Catastrophes
                  | {rN+ rCorr Dex-3}
 17926 | Snake:1  | Found Nittuah's Magic Scroll Emporium.
 17934 | Snake:1  | Bought a scroll of enchant weapon for 120 gold pieces
 17934 | Snake:1  | Bought a scroll of identify for 32 gold pieces
 17934 | Snake:1  | Bought a scroll of brand weapon for 152 gold pieces
 18406 | Snake:1  | Reached skill level 10 in Ice Magic
 18413 | Snake:1  | HP: 4/106 [salamander/+0 halberd (3)]
 20038 | Snake:2  | Reached skill level 10 in Fighting
 20819 | Snake:2  | HP: 4/111 [naga/+0 battleaxe (11)]
 20819 | Snake:2  | HP: 1/111 [constriction (3)]
 20820 | Snake:2  | Shot with an arrow by a naga sharpshooter

Illustrated notes

Levels and vault maps discovered:
D:1:      erik_arrival_cave_to_civilisation [erik_arrival_cave_to_hall],
          layout_basic
D:2:      layout_loops_ring, ebering_ecumenical_altar_abandoned,
          kennysheep_generic_room_8
D:3:      layout_rooms
D:4:      layout_basic, nicolae_grassy_gnolls, uniq_robin
D:5:      layout_rooms, tgw_sif, st_stairs_2, ldierk_geyser, kennysheep_dice
D:6:      layout_loops_ring, minmay_temple_entry_gardened_gates, serial_demonic,
          serial_demonic_a, serial_demonic_b, serial_demonic_a,
          serial_demonic_a, serial_demonic_c, serial_demonic_g,
          serial_demonic_e, serial_demonic_b, serial_shops, shop,
          roderic_batcave
D:7:      layout_basic, xom_redecorated, gammafunk_ghost_icy,
          minmay_starry_boxes
D:8:      minmay_chambers_of_fours, layout_gridville, amcnicky_altar_gilded,
          old_standard_altar, cheibrodos_worm_habitat, ebering_ghost_xom,
          enter_bailey_2
D:9:      layout_grid_maze, nicolae_overflow_squiral,
          nicolae_dithmenos_through_a_glass_darkly, david_lair_shrubbed,
          serial_shops, shop, minmay_statue_crystal_thing
Temple:   oiseaux_autumnal_temple
Lair:1:   beast_lair_carwin_large_1, layout_long_grid
Lair:2:   layout_chaotic_city, shoals_dummy_entry, ebering_ghost_reflecting_pool
Lair:3:   layout_loops_ring, minmay_snake_entry_six_corridors, dpeg_oklob_1,
          uniq_gastronok
Lair:4:   layout_roguey, nicolae_slime_entry_slimehenge, evilmike_ambush
          [evilmike_ambush_outer_pillars, evilmike_ambush_inner_basic],
          infiniplex_staircase_pool
Lair:5:   minmay_lair_end_frog_pond, layout_concentric_octagons,
          serial_bayou_shore_a
Snake:1:  layout_chambers, serial_shops, shop
Snake:2:  cheibrodos_toxic_ritual, layout_chambers, grunt_megastairs_5

Skill      XL: |  1  2  3  4  5  6  7  8  9 10 11 12 13 14 |
---------------+-------------------------------------------+-----
Stealth        | 1 2 |  2.0
Fighting       | 3 4 5 8 10 | 10.4
Short Blades   | 4 |  4.0
Dodging        | 3 4 |  4.0
Throwing       | 4 5 8 |  8.0
Maces & Flails | 5 10 11 13 | 13.1
Evocations     | 3 5 9 10 | 10.0
Axes           | 6 7 |  7.6
Invocations    | 10 | 10.0
Spellcasting   | 5 |  5.0
Ice Magic      | 8 10 | 10.0

Action                   |  1- 3 |  4- 6 |  7- 9 | 10-12 | 13-15 || total
-------------------------+-------+-------+-------+-------+-------++-------
Melee: Rapier            |   153 |   153 |       |     1 |       ||   307
       Tailslap          |       |    11 |    54 |    54 |    42 ||   161
       Flail             |       |     3 |     5 |       |       ||     8
       Punch             |       |     1 |     7 |       |       ||     8
       Whip              |       |       |   380 |    47 |       ||   427
       Battleaxe         |       |       |       |   333 |   354 ||   687
       Headbutt          |       |       |       |    45 |    69 ||   114
Throw: Throwing net      |     2 |       |       |     3 |     1 ||     6
       Dart              |       |     4 |     4 |     3 |       ||    11
       Javelin           |       |     5 |    11 |       |       ||    16
Invok: Major Destruction |       |       |       |     1 |       ||     1
Evoke: Wand              |       |       |       |     2 |     1 ||     3
  Use: Scroll            |     3 |    10 |     8 |    13 |     6 ||    40
       Potion            |     1 |       |     1 |     6 |     5 ||    13
 Stab: Held in net/web   |     1 |       |       |     1 |       ||     2
       Sleeping          |     5 |     3 |       |       |       ||     8
       Distracted        |       |       |     1 |       |       ||     1
       Paralysed         |       |       |       |       |     1 ||     1
Armor: Leather armour    |    84 |    31 |       |       |       ||   115
       Scale mail        |       |     7 |   160 |     6 |       ||   173
       Chain mail        |       |       |       |    86 |       ||    86
       Gold dragon scale |       |       |       |   170 |   353 ||   523
Dodge: Dodged            |   183 |   114 |   346 |   161 |   113 ||   917
Block: Other             |       |       |       |    84 |    96 ||   180
       Reflection        |       |       |       |     3 |     2 ||     5

Table legend: (Time is in decaauts)
 A = Elapsed time spent in this place.
 B = Non-inter-level travel time spent in this place.
 C = Inter-level travel time spent in this place.
 D = Time resting spent in this place.
 E = Time spent auto-exploring this place.
 F = Levels seen in this place.
 G = Mean time per level.
                   A        B        C        D        E       F      G
               +--------+--------+--------+--------+--------+-----+--------+
         Total |  20876 |  20447 |    429 |   5995 |  11142 |  18 | 1159.8 |
       Dungeon |   9962 |   9737 |    225 |   2071 |   6110 |   9 | 1106.9 |
        Temple |    291 |    251 |     40 |      0 |    237 |   1 |  291.0 |
          Lair |   6470 |   6339 |    131 |   1883 |   3239 |   5 | 1294.0 |
     Snake Pit |   3255 |   3223 |     32 |   1639 |   1300 |   2 | 1627.5 |
        Bailey |    896 |    896 |      0 |    402 |    256 |   1 |  896.0 |
               +--------+--------+--------+--------+--------+-----+--------+

Top non-repeatable levels by time:
 Snake:1: 2703 daAuts
     D:1: 2182 daAuts
  Lair:5: 2018 daAuts
     D:7: 1855 daAuts
  Lair:3: 1518 daAuts
  Lair:1: 1373 daAuts
     D:8: 1262 daAuts
  Lair:2: 1138 daAuts
     D:6: 1070 daAuts
  Bailey: 896 daAuts
     D:9: 806 daAuts
     D:5: 783 daAuts
     D:2: 747 daAuts
     D:4: 640 daAuts
     D:3: 612 daAuts
